TOP OF THE 1ST |
Toledo Titans batting - Pitching for Atlanta Smoke : LHP Ilie Paunescu
|
Pitching: LHP Ilie Paunescu
|
|
Batting: RHB Brad Brown
|
0-0: SINGLE (Groundball, 6MD)
|
Batting: RHB Sherman Davis
|
0-0: Ball 1-0: SINGLE (Line Drive, 4) Brad Brown to second Brad Brown to third
|
Batting: LHB Michael Neely
|
0-0: Ball 1-0: Swinging Strike 1-1: Ball 2-1: Called Strike 2-2: SINGLE (Line Drive, 4M) Brad Brown scores Sherman Davis to second
|
Batting: RHB Enrique Pérez
|
0-0: Ball 1-0: Called Strike 1-1: Ball 2-1: Ball 3-1: Foul Ball, location: 2F 3-2: Base on Balls Sherman Davis to third Michael Neely to second
|
Batting: LHB Herman Hayes
|
0-0: Ball 1-0: Ball 2-0: Ball 3-0: Base on Balls Sherman Davis scores Michael Neely to third Enrique Pérez to second
|
Batting: LHB David Martínez
|
0-0: Ball 1-0: Ball 2-0: Grounds out, U3 (Groundball, 3L) Michael Neely scores Enrique Pérez to third
|
Batting: LHB Nathan Santos
|
0-0: Ball 1-0: Swinging Strike 1-1: Ball 2-1: Foul Ball, location: 2F 2-2: Foul Ball, location: 2F 2-2: Ball 3-2: Base on Balls
|
Batting: LHB Salvador Vidal
|
0-0: Ball 1-0: Ball 2-0: Fly out, F7 (Flyball, 78M) Runner from 3rd tags up, SCORES, throw made
|
Batting: RHB Ron O'Slattery
|
0-0: Called Strike 0-1: Ball 1-1: Ball 2-1: Foul Ball, location: 2F 2-2: Strikes out swinging
|
Top of the 1st over - 4 run(s), 3 hit(s), 0 error(s), 2 left on base; Toledo 4 - Atlanta 0 |
BOTTOM OF THE 1ST |
Atlanta Smoke batting - Pitching for Toledo Titans : LHP Ron O'Slattery
|
Pitching: LHP Ron O'Slattery
|
|
Batting: RHB Leandro Tuzzi
|
0-0: Fly out, F8 (Flyball, 8RD)
|
Batting: LHB Mike Blue
|
0-0: Called Strike 0-1: Ball 1-1: Ball 2-1: Fly out, F4 (Popup, 9LS)
|
Batting: RHB Chris Smith
|
0-0: Called Strike 0-1: Foul Ball, location: 2F 0-2: Strikes out swinging
|
Bottom of the 1st over - 0 run(s), 0 hit(s), 0 error(s), 0 left on base; Toledo 4 - Atlanta 0 |
TOP OF THE 2ND |
Toledo Titans batting - Pitching for Atlanta Smoke : LHP Ilie Paunescu
|
Batting: RHB Brad Brown
|
0-0: Ball 1-0: Ball 2-0: Foul Ball, location: 2F 2-1: Foul Ball, location: 2F 2-2: Foul Ball, location: 2F 2-2: Foul Ball, location: 2F 2-2: Foul Ball, location: 2F 2-2: Foul Ball, location: 2F 2-2: Strikes out swinging
|
Batting: RHB Sherman Davis
|
0-0: Ground out 1-3 (Groundball, 13)
|
Batting: LHB Michael Neely
|
0-0: SINGLE (Groundball, 34D)
|
Batting: RHB Enrique Pérez
|
0-0: Ball 1-0: Fly out, F6 (Popup, 6)
|
Top of the 2nd over - 0 run(s), 1 hit(s), 0 error(s), 1 left on base; Toledo 4 - Atlanta 0 |
BOTTOM OF THE 2ND |
Atlanta Smoke batting - Pitching for Toledo Titans : LHP Ron O'Slattery
|
Batting: RHB Nathan Horton
|
0-0: Ball 1-0: Ball 2-0: Called Strike 2-1: Called Strike 2-2: SINGLE (Line Drive, 89S)
|
Batting: RHB Nate Cates
|
0-0: SINGLE (Line Drive, 7LS) Nathan Horton to second
|
Batting: LHB Armando Esparza
|
0-0: Ball 1-0: Ball 2-0: Fly out, F3 (Line Drive, 3L)
|
Batting: RHB Mal Bussard
|
0-0: Ball 1-0: Called Strike 1-1: SINGLE (Groundball, 34D) Nathan Horton to third Nate Cates to second Runner from 3rd tries for Home, SAFE, no throw or cutoff
|
Batting: LHB Egidio Agnolutto
|
0-0: Ball 1-0: Fielders Choice at 2nd, 1-6 (Groundball, 23) Nate Cates to third
|
Pinch Hitting: LHB Cristián Baca
|
0-0: Foul Ball, location: 2F 0-1: Called Strike 0-2: Ball 1-2: Foul Ball, location: 2F 1-2: Ground out 1-3 (Groundball, 13)
|
Bottom of the 2nd over - 1 run(s), 3 hit(s), 0 error(s), 2 left on base; Toledo 4 - Atlanta 1 |
TOP OF THE 3RD |
Toledo Titans batting - Pitching for Atlanta Smoke : LHP Ilie Paunescu
|
Pitching: RHP Mike Farrell
|
|
Batting: LHB Herman Hayes
|
0-0: Foul Ball, location: 2F 0-1: Ball 1-1: Swinging Strike 1-2: Ground out 2-3 (Groundball, 2L)
|
Batting: LHB David Martínez
|
0-0: Ball 1-0: Ground out U3 (Groundball, 3L)
|
Batting: LHB Nathan Santos
|
0-0: Ground out 4-3 (Groundball, 4)
|
Top of the 3rd over - 0 run(s), 0 hit(s), 0 error(s), 0 left on base; Toledo 4 - Atlanta 1 |
BOTTOM OF THE 3RD |
Atlanta Smoke batting - Pitching for Toledo Titans : LHP Ron O'Slattery
|
Batting: RHB Leandro Tuzzi
|
0-0: Fly out, F2 (Popup, 2RF)
|
Batting: LHB Mike Blue
|
0-0: Ball 1-0: Fly out, F8 (Flyball, 8LM)
|
Batting: RHB Chris Smith
|
0-0: Ball 1-0: Fly out, F8 (Flyball, 8RS)
|
Bottom of the 3rd over - 0 run(s), 0 hit(s), 0 error(s), 0 left on base; Toledo 4 - Atlanta 1 |
TOP OF THE 4TH |
Toledo Titans batting - Pitching for Atlanta Smoke : RHP Mike Farrell
|
Batting: LHB Salvador Vidal
|
0-0: Foul Ball, location: 2F 0-1: Foul Ball, location: 2F 0-2: Ball 1-2: Ball 2-2: Ball 3-2: Fly out, F8 (Flyball, 78M)
|
Batting: RHB Ron O'Slattery
|
0-0: Called Strike 0-1: Foul Ball, location: 2F 0-2: Ball 1-2: Ball 2-2: Strikes out swinging
|
Batting: RHB Brad Brown
|
0-0: Swinging Strike 0-1: Ball 1-1: DOUBLE (Line Drive, 7LD)
|
Batting: RHB Sherman Davis
|
0-0: Called Strike 0-1: Ball 1-1: Ball 2-1: Foul Ball, location: 2F 2-2: Ground out 6-3 (Groundball, 6M)
|
Top of the 4th over - 0 run(s), 1 hit(s), 0 error(s), 1 left on base; Toledo 4 - Atlanta 1 |
BOTTOM OF THE 4TH |
Atlanta Smoke batting - Pitching for Toledo Titans : LHP Ron O'Slattery
|
Batting: RHB Nathan Horton
|
0-0: Ball 1-0: Ground out 4-3 (Groundball, 4)
|
Batting: RHB Nate Cates
|
0-0: Foul Ball, location: 2F 0-1: Ball 1-1: Swinging Strike 1-2: Ground out 1-3 (Groundball, 15)
|
Batting: LHB Armando Esparza
|
0-0: Ball 1-0: Ball 2-0: Foul Ball, location: 2F 2-1: Called Strike 2-2: DOUBLE (Line Drive, 5D)
|
Batting: RHB Mal Bussard
|
0-0: Ball 1-0: Ball 2-0: Called Strike 2-1: Foul Ball, location: 2F 2-2: Ball 3-2: Strikes out looking
|
Bottom of the 4th over - 0 run(s), 1 hit(s), 0 error(s), 1 left on base; Toledo 4 - Atlanta 1 |
TOP OF THE 5TH |
Toledo Titans batting - Pitching for Atlanta Smoke : RHP Mike Farrell
|
Pitching: RHP Lance Hodges
|
|
Batting: LHB Michael Neely
|
0-0: Ground out U3 (Groundball, 3L)
|
Batting: RHB Enrique Pérez
|
0-0: Fly out, F7 (Line Drive, 7D)
|
Batting: LHB Herman Hayes
|
0-0: Called Strike 0-1: Ball 1-1: Ball 2-1: Ball 3-1: Base on Balls
|
Batting: LHB David Martínez
|
0-0: Ball Wild Pitch! Herman Hayes to second 1-0: SINGLE (Line Drive, 6M) Herman Hayes to third
|
Batting: LHB Nathan Santos
|
0-0: Ball 1-0: Ground out 6-3 (Groundball, 6)
|
Top of the 5th over - 0 run(s), 1 hit(s), 0 error(s), 2 left on base; Toledo 4 - Atlanta 1 |
BOTTOM OF THE 5TH |
Atlanta Smoke batting - Pitching for Toledo Titans : LHP Ron O'Slattery
|
Batting: LHB Egidio Agnolutto
|
0-0: Ball 1-0: Foul Ball, location: 2F 1-1: Swinging Strike 1-2: Ball 2-2: Strikes out swinging
|
Batting: RHB Lance Hodges
|
0-0: SINGLE (Groundball, 34D)
|
Batting: RHB Leandro Tuzzi
|
0-0: Called Strike 0-1: Foul Ball, location: 2F 0-2: Ball 1-2: Ball 2-2: Ground out 5-3 (Groundball, 5S) Lance Hodges to second
|
Batting: LHB Mike Blue
|
0-0: Ball 1-0: Ball 2-0: Ball 3-0: Base on Balls
|
Batting: RHB Chris Smith
|
0-0: Ball 1-0: Called Strike 1-1: 3-RUN HOME RUN (Line Drive, 7D), Distance : 419 ft
|
Batting: RHB Nathan Horton
|
0-0: Ground out 6-3 (Groundball, 6)
|
Bottom of the 5th over - 3 run(s), 2 hit(s), 0 error(s), 0 left on base; Toledo 4 - Atlanta 4 |
TOP OF THE 6TH |
Toledo Titans batting - Pitching for Atlanta Smoke : RHP Lance Hodges
|
Batting: LHB Salvador Vidal
|
0-0: Called Strike 0-1: SOLO HOME RUN (Flyball, 9D), Distance : 401 ft
|
Batting: RHB Ron O'Slattery
|
0-0: Ground out 4-3 (Groundball, 4)
|
Batting: RHB Brad Brown
|
0-0: Ground out 4-3 (Groundball, 4S)
|
Batting: RHB Sherman Davis
|
0-0: Called Strike 0-1: Ball 1-1: Foul Ball, location: 2F 1-2: Ball 2-2: Fly out, F6 (Popup, 6MS)
|
Top of the 6th over - 1 run(s), 1 hit(s), 0 error(s), 0 left on base; Toledo 5 - Atlanta 4 |
BOTTOM OF THE 6TH |
Atlanta Smoke batting - Pitching for Toledo Titans : LHP Ron O'Slattery
|
Batting: RHB Nate Cates
|
0-0: Ball 1-0: Called Strike 1-1: Ball 2-1: DOUBLE (Line Drive, 8LD)
|
Batting: LHB Armando Esparza
|
0-0: Ground out 1-3 (Groundball, 15)
|
Batting: RHB Mal Bussard
|
0-0: Ball 1-0: Called Strike 1-1: Foul Ball, location: 2F 1-2: Foul Ball, location: 2F 1-2: Strikes out looking
|
Batting: LHB Egidio Agnolutto
|
0-0: Ball 1-0: Ball 2-0: Foul Ball, location: 2F 2-1: Swinging Strike 2-2: Ball 3-2: Base on Balls
|
Pinch Hitting: LHB Roberto Rodríguez
|
0-0: Swinging Strike 0-1: Foul Ball, location: 2F 0-2: Ball 1-2: Ball 2-2: Ground out 3-1 (Groundball, 34)
|
Bottom of the 6th over - 0 run(s), 1 hit(s), 0 error(s), 2 left on base; Toledo 5 - Atlanta 4 |
TOP OF THE 7TH |
Toledo Titans batting - Pitching for Atlanta Smoke : RHP Lance Hodges
|
Pitching: LHP Rick Payne
|
|
Batting: LHB Michael Neely
|
0-0: Ball 1-0: Called Strike 1-1: Hit by Pitch
|
Batting: RHB Enrique Pérez
|
0-0: Foul Ball, location: 2F 0-1: Called Strike 0-2: Strikes out swinging
|
Batting: LHB Herman Hayes
|
0-0: Ball 1-0: Grounds into double play, 6-4-3 (Groundball, 6)
|
Top of the 7th over - 0 run(s), 0 hit(s), 0 error(s), 0 left on base; Toledo 5 - Atlanta 4 |
BOTTOM OF THE 7TH |
Atlanta Smoke batting - Pitching for Toledo Titans : LHP Ron O'Slattery
|
Batting: RHB Leandro Tuzzi
|
0-0: Fly out, F9 (Flyball, 9D)
|
Batting: LHB Mike Blue
|
0-0: Swinging Strike 0-1: Foul Ball, location: 2F 0-2: Ground out 4-3 (Groundball, 34)
|
Batting: RHB Chris Smith
|
0-0: Ball 1-0: Called Strike 1-1: SOLO HOME RUN (Line Drive, 7D), Distance : 397 ft
|
Batting: RHB Nathan Horton
|
0-0: Ball 1-0: Called Strike 1-1: Swinging Strike 1-2: Ball 2-2: Foul Ball, location: 2F 2-2: Ball 3-2: Strikes out looking
|
Bottom of the 7th over - 1 run(s), 1 hit(s), 0 error(s), 0 left on base; Toledo 5 - Atlanta 5 |
TOP OF THE 8TH |
Toledo Titans batting - Pitching for Atlanta Smoke : LHP Rick Payne
|
Batting: LHB David Martínez
|
0-0: Called Strike 0-1: Swinging Strike 0-2: Ball 1-2: Strikes out swinging
|
Batting: LHB Nathan Santos
|
0-0: Fly out, F8 (Flyball, 8RM)
|
Batting: LHB Salvador Vidal
|
0-0: Called Strike 0-1: Ground out 5-3 (Groundball, 56)
|
Top of the 8th over - 0 run(s), 0 hit(s), 0 error(s), 0 left on base; Toledo 5 - Atlanta 5 |
BOTTOM OF THE 8TH |
Atlanta Smoke batting - Pitching for Toledo Titans : LHP Ron O'Slattery
|
Batting: RHB Nate Cates
|
0-0: Fly out, F8 (Flyball, 8LD)
|
Batting: LHB Armando Esparza
|
0-0: Ground out 4-3 (Groundball, 4)
|
Batting: RHB Mal Bussard
|
0-0: SINGLE (Flyball, 7S)
|
Pinch Hitting: RHB Scott Forrest
|
0-0: Foul Ball, location: 2F 0-1: Fly out, F3 (Popup, 3F)
|
Bottom of the 8th over - 0 run(s), 1 hit(s), 0 error(s), 1 left on base; Toledo 5 - Atlanta 5 |
TOP OF THE 9TH |
Toledo Titans batting - Pitching for Atlanta Smoke : LHP Rick Payne
|
Now in LF: Rick Harrison
|
|
Pinch Hitting: RHB Harris Harden
|
0-0: Foul Ball, location: 2F 0-1: Ball 1-1: Foul Ball, location: 2F 1-2: Foul Ball, location: 2F 1-2: Ball 2-2: Strikes out swinging
|
Batting: RHB Brad Brown
|
0-0: Ball 1-0: Ball 2-0: Ball 3-0: Called Strike 3-1: Base on Balls
|
Batting: RHB Sherman Davis
|
0-0: Called Strike 0-1: Ball 1-1: Ball 2-1: Reached on error, E5 (Groundball, 56) Brad Brown to second
|
Pitching: LHP Randy Hoffman
|
|
Now in RF: Stan Hughes
|
|
Batting: LHB Michael Neely
|
0-0: Ball 1-0: Ball 2-0: Called Strike 2-1: Swinging Strike 2-2: Strikes out swinging
|
Batting: RHB Enrique Pérez
|
0-0: Ball 1-0: Called Strike 1-1: Called Strike 1-2: Ball 2-2: SINGLE (Groundball, 2L) (infield hit) Brad Brown to third Sherman Davis to second
|
Batting: LHB Herman Hayes
|
0-0: Called Strike 0-1: Foul Ball, location: 2F 0-2: Foul Ball, location: 2F 0-2: Ground out 5-3 (Groundball, 56)
|
Top of the 9th over - 0 run(s), 1 hit(s), 1 error(s), 3 left on base; Toledo 5 - Atlanta 5 |
BOTTOM OF THE 9TH |
Atlanta Smoke batting - Pitching for Toledo Titans : LHP Ron O'Slattery
|
Pitching: RHP Rusty King
|
|
Batting: RHB Stan Hughes
|
0-0: Called Strike 0-1: Swinging Strike 0-2: Strikes out swinging
|
Batting: RHB Leandro Tuzzi
|
0-0: Foul Ball, location: 2F 0-1: Ball 1-1: Called Strike 1-2: Ball 2-2: Strikes out looking
|
Batting: LHB Mike Blue
|
0-0: Swinging Strike 0-1: Swinging Strike 0-2: Ball 1-2: Strikes out swinging
|
Bottom of the 9th over - 0 run(s), 0 hit(s), 0 error(s), 0 left on base; Toledo 5 - Atlanta 5 |
TOP OF THE 10TH |
Toledo Titans batting - Pitching for Atlanta Smoke : LHP Randy Hoffman
|
Batting: LHB David Martínez
|
0-0: SINGLE (Groundball, 34)
|
Batting: LHB Nathan Santos
|
0-0: Ball 1-0: Foul Ball, location: 2F 1-1: Foul Ball, location: 2F 1-2: Foul Ball, location: 2F 1-2: SINGLE (Groundball, 4) David Martínez to second David Martínez to third
|
Batting: LHB Salvador Vidal
|
0-0: Ball 1-0: Foul Ball, location: 2F 1-1: Foul Ball, location: 2F 1-2: Ball 2-2: Ground out 4-3 (Groundball, 4S) Nathan Santos to second
|
Pinch Hitting: RHB Miguel García
|
0-0: Swinging Strike 0-1: Ball 1-1: Foul Ball, location: 2F 1-2: Foul Ball, location: 2F 1-2: Ball 2-2: Strikes out swinging
|
Batting: RHB Brad Brown
|
0-0: Foul Ball, location: 2F 0-1: Swinging Strike 0-2: Ball 1-2: Foul Ball, location: 2F 1-2: Ball 2-2: Foul Ball, location: 2F 2-2: 3-RUN HOME RUN (Flyball, 7D), Distance : 407 ft
|
Pitching: RHP Brandon Bannatyne
|
|
Batting: RHB Sherman Davis
|
0-0: Ball 1-0: Called Strike 1-1: Fly out, F4 (Popup, 3DF)
|
Top of the 10th over - 3 run(s), 3 hit(s), 0 error(s), 0 left on base; Toledo 8 - Atlanta 5 |
BOTTOM OF THE 10TH |
Atlanta Smoke batting - Pitching for Toledo Titans : RHP Rusty King
|
Pitching: RHP Adrián Ramos
|
|
Batting: RHB Chris Smith
|
0-0: Ball 1-0: Ball 2-0: Foul Ball, location: 2F 2-1: Ball 3-1: Base on Balls
|
Batting: RHB Nathan Horton
|
0-0: Ball 1-0: Ball 2-0: Foul Ball, location: 2F 2-1: Foul Ball, location: 2F 2-2: Fly out, F7 (Flyball, 78S)
|
Batting: RHB Nate Cates
|
0-0: Ball 1-0: Fly out, F8 (Flyball, 78M)
|
Batting: RHB Brandon Bannatyne
|
0-0: Called Strike 0-1: Swinging Strike 0-2: Ball 1-2: Foul Ball, location: 2F 1-2: Ball 2-2: Ball 3-2: Strikes out swinging
|
Bottom of the 10th over - 0 run(s), 0 hit(s), 0 error(s), 1 left on base; Toledo 8 - Atlanta 5 |
|